 Dungeon Crawl Stone Soup version 0.30-a0-459-g9104f0fc43 (webtiles) character file.

Game seed: 10356499513074167359

56 lokiplouj the Sneak (level 3, -2/25 HPs)
             Began as an Octopode Brigand on Dec 15, 2022.
             Slain by a gnoll
             ... wielding a +0 spear
              (7 damage)
             ... on level 2 of the Dungeon.
             The game lasted 00:02:29 (1479 turns).

lokiplouj the Sneak (Octopode Brigand)              Turns: 1479, Time: 00:02:29

Health: -2/25      AC:  1    Str: 12    XL:     3   Next: 95%
Magic:  3/3        EV: 13    Int: 13    God:
Gold:   80         SH:  5    Dex: 13    Spells: 2/2 levels left

rFire   . . .      SeeInvis .    a - +2 dagger
rCold   . . .      Faith    .    (no shield)
rNeg    . . .      Spirit   .    (helmet restricted)
rPois   .          Reflect  +    f - amulet of reflection
rElec   .          Harm     .    (no ring)
rCorr   .          Rampage  .    (no ring)
Will    .....                    (no ring)
Stlth   ++++......               (no ring)
HPRegen 0.24/turn                (no ring)
MPRegen 0.08/turn                (no ring)
                                 (no ring)
                                 (no ring)

@: about to teleport
A: almost no armour, amphibious, 8 rings, camouflage 1, gelatinous body 1,
(nimble swimmer 1), tentacles
a: no special abilities


You were on level 2 of the Dungeon.
You visited 1 branch of the dungeon, and saw 2 of its levels.

You collected 80 gold pieces.

Inventory:

Hand Weapons
 a - a +2 dagger (weapon)
Missiles
 c - a curare-tipped dart
 d - 5 poisoned darts (quivered)
Jewellery
 f - an amulet of reflection (around mantle)
Scrolls
 e - a scroll of blinking {unknown}
 g - a scroll of butterflies {unknown}
 i - a scroll of silence {unknown}
Potions
 b - 2 potions of curing {unknown}


   Skills:
 + Level 2.4 Fighting
 + Level 2.5 Short Blades
 + Level 2.5 Throwing
 + Level 1.8 Dodging
 + Level 5.8 Stealth


You had 2 spell levels left.
You didn't know any spells.
Your spell library was empty.

Dungeon Overview and Level Annotations

Branches:
Dungeon (2/15)

Altars:


Innate Abilities, Weirdness & Mutations

You cannot wear most types of armour.
You are amphibious.
You can wear up to eight rings at the same time.
Your skin changes colour to match your surroundings (Stealth+).
Your rubbery body absorbs attacks. (AC +1, EV +1)
((You are camouflaged when in or above water. (Stealth+)))
You have tentacles for arms and can constrict up to eight enemies at once.


Message History

No target in view!
No target in view!
Key pressed, stopping explore.
No target in view!
No target in view!
No target in view! 3 gnolls come into view.
Found a spear.
The gnoll shouts!
You hear a shout!
A gnoll comes into view. It is wielding a +0 halberd.
Found an orange potion.
You throw a poisoned dart. The poisoned dart hits the gnoll!
The gnoll is poisoned.
The gnoll shouts! x2
A dart slug comes into view.
The gnoll hits you with a +0 spear.
There are monsters nearby!
You throw a poisoned dart. The poisoned dart hits the gnoll.
The gnoll looks even sicker.
The gnoll is lightly wounded.
You hit the gnoll. You grab the gnoll.
The gnoll is heavily wounded.
You constrict the gnoll. The gnoll hits you with a +0 spear.
There are monsters nearby!
You hit the gnoll.
The gnoll is severely wounded.
You constrict the gnoll. The gnoll barely misses you.
The gnoll closely misses you. The gnoll hits you with a +0 spear!
* * * LOW HITPOINT WARNING * * *
You are too injured to fight recklessly!
You are too injured to fight recklessly!
There are monsters nearby!
You are too injured to fight recklessly!
As you read the scroll labelled GOTHIU DEIV, it crumbles to dust.
You feel strangely unstable.
It was a scroll of teleportation.
You constrict the gnoll. You block the gnoll's attack.
The gnoll struggles to escape constriction.
You release your grip on the gnoll.
The gnoll attacks as you move away! The gnoll hits you with a +0 spear!
You die...

########### .!........#
....wg....# .......gg..######.
......g)@.........
#<.#######.#..... #. #..# #.#
... #.### #..# #.# . #.....#..#
#.# #.....#..#######.######
....................>#
#.##..#..############.#########
#..............................


You could see 4 gnolls and a dart slug.

Vanquished Creatures
  An adder (D:2)
  3 dart slugs
  5 ball pythons
  4 bats (D:1)
  5 endoplasms
  2 giant cockroaches (D:1)
  4 goblins
  3 hobgoblins (D:1)
  2 jackals (D:1)
  3 kobolds (D:1)
  5 rats (D:1)
37 creatures vanquished.

Notes
Turn   | Place    | Note
-------+----------+-------------------------------------------
     0 | D:1      | lokiplouj the Octopode Brigand began the quest for the Orb.
     0 | D:1      | Reached XP level 1. HP: 14/14 MP: 1/1
   187 | D:1      | Reached XP level 2. HP: 11/19 MP: 2/2
   593 | D:1      | Reached XP level 3. HP: 24/24 MP: 3/3
  1479 | D:2      | Slain by a gnoll

Illustrated notes

Levels and vault maps discovered:
D:1:      psy_arrival_spokes, layout_basic, minmay_misc_feat_nine_boxes
D:2:      layout_basic

Action                   || total
-------------------------++-------
Melee: Dagger            ||    54
       Constrict         ||    13
       Tentacles         ||     7
Throw: Dart              ||    72
  Use: Scroll            ||     1
 Stab: Sleeping          ||     4
Armor: Skin              ||     7
Dodge: Dodged            ||    52
Block: Other             ||     3

Table legend: (Time is in decaauts)
 A = Elapsed time spent in this place.
 B = Non-inter-level travel time spent in this place.
 C = Inter-level travel time spent in this place.
 D = Time resting spent in this place.
 E = Time spent auto-exploring this place.
 F = Levels seen in this place.
 G = Mean time per level.
                   A        B        C        D        E       F      G
               +--------+--------+--------+--------+--------+-----+--------+
         Total |   1464 |   1438 |     26 |      0 |   1182 |   2 |  732.0 |
       Dungeon |   1464 |   1438 |     26 |      0 |   1182 |   2 |  732.0 |
               +--------+--------+--------+--------+--------+-----+--------+

Top non-repeatable levels by time:
     D:1: 958 daAuts
     D:2: 506 daAuts
